 Dungeon Crawl Stone Soup version 0.30-a0-6-g7c9e10e132 (webtiles) character file.

Game seed: 9475840439910469558

1 Setbun the Trooper (level 1, 0/20 HPs)
             Began as a Djinni Cinder Acolyte on Aug 22, 2022.
             Was a High Priest of Ignis.
             Frozen to death by an endoplasm (6 damage)
             ... on level 1 of the Dungeon.
             The game lasted 00:00:14 (127 turns).

Setbun the Trooper (Djinni Cinder Acolyte)           Turns: 127, Time: 00:00:14

Health: 0/20       AC:  2    Str: 13    XL:     1   Next: 22%
Gold:   22         EV: 11    Int: 15    God:    Ignis [*****.] SH:  0 Dex:  8

rFire   + + +      SeeInvis .    a - -1 falchion (flame)
rCold   x . .      Faith    .    (no shield)
rNeg    . . .      Spirit   .    b - +0 robe
rPois   ∞          Reflect  .    (no helmet)
rElec   .          Harm     .    (no cloak)
rCorr   .          Rampage  .    (no gloves)
Will    .....                    (boots unavailable)
Stlth   +.........               (no amulet)
HPRegen 0.06/turn                (no ring)
MPRegen 0.00/turn                (no ring)

@: flying
A: sickness immunity, fire resistance 2, cold vulnerability 1, float, innate
caster, HP casting, extra vitality 1
a: Renounce Religion, Fiery Armour, Foxfire Swarm, Rising Flame


You were on level 1 of the Dungeon.
You worshipped Ignis.
Ignis was extremely pleased with you.
You visited 1 branch of the dungeon, and saw 1 of its levels.

You collected 22 gold pieces.

Inventory:

Hand Weapons
 a - a -1 falchion of flaming (weapon)
Armour
 b - a +0 robe (worn)
Scrolls
 c - a scroll of amnesia {unknown}
Potions
 d - a potion of mutation {unknown}


   Skills:
 - Level 3.0 Fighting
 - Level 2.6 Long Blades
 * Level 2.4 Spellcasting


You had 2 spell levels left.
You knew the following spells:

 Your Spells              Type           Power      Damage    Failure   Level
a - Scorch                Fire           18%        2d5       12%         2
Your spell library was empty.

Dungeon Overview and Level Annotations

Branches:
Dungeon (1/15)

Altars:

Shops:
D:1 *


Innate Abilities, Weirdness & Mutations

You are immune to sickness and miasma.
You are immune to poison.
Your flesh is very heat resistant. (rF++)
You are vulnerable to cold. (rC-)
You float through the air rather than walking.
You learn spells naturally, not from books.
Your magical power is your life essence.
You have superior vitality. (+4 MHP)


Message History

An endoplasm is nearby!
An endoplasm is nearby!
Found a club.
Found a ring mail.
The quokka bites you.
You hit the quokka. You burn the quokka.
You kill the quokka!
You hit the endoplasm but do no damage. The endoplasm freezes you.
You are frozen.
You feel a terrible chill!
You hit the endoplasm but do no damage.
The endoplasm jiggles.
The endoplasm hits you but does no damage.
You completely miss the endoplasm. The endoplasm hits you.
You hit the endoplasm but do no damage. The endoplasm hits you.
The endoplasm freezes you.
You are frozen.
You feel a terrible chill!
* * * LOW HITPOINT WARNING * * *
You are too injured to fight recklessly!
You are too injured to fight recklessly!
You are too injured to fight recklessly!
You are too injured to fight recklessly!
You are too injured to fight recklessly!
You are too injured to fight recklessly!
You are too injured to fight recklessly!
You are too injured to fight recklessly!
You are too injured to fight recklessly!
You are too injured to fight recklessly!
You are too injured to fight recklessly!
You are too injured to fight recklessly!
You are too injured to fight recklessly!
You are too injured to fight recklessly!
You are too injured to fight recklessly!
You hit the endoplasm. You burn the endoplasm.
The endoplasm is moderately wounded.
The endoplasm barely misses you.
You hit the endoplasm but do no damage.
The endoplasm is moderately wounded.
The endoplasm freezes you.
You are frozen.
You feel a terrible chill!
You die...

#....# #....# ..
#....# #.#
###'##
######+#.# # #.#
.........# # #.#
.........# # #.#
..)......# ###.#
..[....J.#######
..#.#
#†@........
#[#.# ###.###...
#.#.# #.#.#
#.#.# #.#.#
#.#.# ###.#.#
#.#.# #.....#
#.#.# #.#...#
..#.# #.#...#
###.# #.#.#.#


You could see an endoplasm.

Vanquished Creatures
  A quokka (D:1)
1 creature vanquished.

Notes
Turn   | Place    | Note
-------+----------+-------------------------------------------
     0 | D:1      | Setbun the Djinni Cinder Acolyte began the quest for the
                  | Orb.
     0 | D:1      | Setbun set off with the following spells memorised: Scorch.
     0 | D:1      | Reached XP level 1. HP: 20/20 MP: 0/0
    16 | D:1      | Found a faded altar of an unknown god.
    99 | D:1      | Found Tane's Assorted Antiques.
   127 | D:1      | Frozen to death by an endoplasm

Illustrated notes

Levels and vault maps discovered:
D:1:      roderic_dead_forest, layout_basic, dreamdust_ecumenical_altar_statues,
          serial_shops, nicolae_diamond_shop, nicolae_shop_waterfront

Action                   || total
-------------------------++-------
Melee: Falchion          ||     7
Armor: Robe              ||     1
Dodge: Dodged            ||     1

Table legend: (Time is in decaauts)
 A = Elapsed time spent in this place.
 B = Non-inter-level travel time spent in this place.
 C = Inter-level travel time spent in this place.
 D = Time resting spent in this place.
 E = Time spent auto-exploring this place.
 F = Levels seen in this place.
 G = Mean time per level.
                   A        B        C        D        E       F      G
               +--------+--------+--------+--------+--------+-----+--------+
         Total |    128 |    128 |      0 |      0 |    111 |   1 |  128.0 |
       Dungeon |    128 |    128 |      0 |      0 |    111 |   1 |  128.0 |
               +--------+--------+--------+--------+--------+-----+--------+

Top non-repeatable levels by time:
     D:1: 128 daAuts
